 Dungeon Crawl Stone Soup version 0.30-a0-458-g86641cc369 (webtiles) character file.

Game seed: 9601301818185357441

14 arthad the Insei (level 2, 0/22 HPs)
             Began as a Djinni Transmuter on Dec 15, 2022.
             Slain by a quokka (5 damage)
             ... on level 1 of the Dungeon.
             The game lasted 00:01:06 (507 turns).

arthad the Insei (Djinni Transmuter)                 Turns: 507, Time: 00:01:07

Health: 0/22       AC:  2    Str:  9    XL:     2   Next: 60%
Gold:   56         EV: 12    Int: 14    God:
                   SH:  0    Dex: 13

rFire   + + .      SeeInvis .      - Unarmed
rCold   x . .      Faith    .    (no shield)
rNeg    . . .      Spirit   .    a - +0 robe
rPois   ∞          Reflect  .    (helmet currently unavailable)
rElec   .          Harm     .    (no cloak)
rCorr   .          Rampage  .    (no gloves)
Will    +....                    (boots unavailable)
Stlth   +.........               (no amulet)
HPRegen 0.23/turn                f - ring of willpower
MPRegen 0.00/turn                (no ring)

@: appendages (expiring), flying
A: horns 2, flying, sickness immunity, fire resistance 2, cold vulnerability 1,
float, innate caster, HP casting, extra vitality 1
a: End Transformation


You were on level 1 of the Dungeon.
You had temporarily grown beastly horns.
You visited 1 branch of the dungeon, and saw 1 of its levels.

You collected 56 gold pieces.

Inventory:

Armour
 a - a +0 robe (worn)
Jewellery
 f - a ring of willpower (left hand)
Scrolls
 d - a scroll of silence {unknown}
 e - a scroll of fog {unknown}
 g - a scroll of butterflies {unknown}
Potions
 b - a potion of lignification
 c - a potion of flight {unknown}
 h - a potion of haste {unknown}


   Skills:
 * Level 1.4 Fighting
 + Level 0.4 Armour
 + Level 2.3 Dodging
 + Level 3.1 Unarmed Combat
 * Level 1.8 Spellcasting


You couldn't memorise any spells.
You knew the following spells:

 Your Spells              Type           Power      Damage    Failure   Level
a - Beastly Appendage     Tmut           12%        N/A       12%         1
b - Wereblood             Tmut           6%         N/A       17%         2
c - Spider Form           Tmut/Pois      6%         N/A       34%         3
d - Ice Form              Ice/Tmut       6%         N/A       75%         4
Your spell library was empty.

Dungeon Overview and Level Annotations

Branches:
Dungeon (1/15)

Altars:

Shops:
D:1 (


Innate Abilities, Weirdness & Mutations

You have temporarily grown beastly horns.
You are flying.
You are immune to sickness and miasma.
You are immune to poison.
Your flesh is very heat resistant. (rF++)
You are vulnerable to cold. (rC-)
You float through the air rather than walking.
You learn spells naturally, not from books.
Your magical power is your life essence.
You have superior vitality. (+4 MHP)


Message History

You hit the quokka but do no damage. The quokka bites you.
You hit the quokka but do no damage. The quokka barely misses you.
You closely miss the quokka. You punch the quokka, but do no damage.
The quokka misses you.
You miss the quokka. The quokka closely misses you.
You closely miss the quokka. The quokka bites you. x2
You hit the quokka but do no damage. The quokka bites you.
You barely miss the quokka. You punch the quokka, but do no damage.
The quokka bites you.
You are too injured to fight recklessly!
You are too injured to fight recklessly!
You are too injured to fight recklessly!
You are too injured to fight recklessly!
You are too injured to fight recklessly!
You are too injured to fight recklessly!
You are too injured to fight recklessly!
You are too injured to fight recklessly!
You are too injured to fight recklessly!
Casting: Beastly Appendage (safe; 12% risk of failure)
Press: ? - help, Q - select action, (/) - cycle Dir - look around, f - activate You grow a pair of large bovine horns.
The quokka misses you.
You closely miss the quokka. Your headbutt misses the quokka.
The quokka bites you but does no damage.
You barely miss the quokka. The quokka closely misses you. x2
You hit the quokka but do no damage. The quokka closely misses you.
You barely miss the quokka. Your headbutt misses the quokka.
The quokka barely misses you.
You closely miss the quokka. You headbutt the quokka.
The quokka is heavily wounded.
Your transformation is almost over.
The quokka closely misses you.
You closely miss the quokka.
The quokka is moderately wounded.
The quokka bites you.
* * * LOW HITPOINT WARNING * * *
You hit the quokka.
The quokka is severely wounded.
The quokka bites you.
You die...

# #.# #.....†....# # #.#
###........... #.#
############ #.# ####
###.######### #..?##
#.....>.....##.....#
#.#.#######.#!......
#.#.#.......r.......
######.#.#.#####@#.......
.........#.# #.##.....#
#####.#.##.# #.# #.=.##
#....###...# #.# #.##
#.###.#.#### #.# .# ##.##
#.# . #.# #.# # # #.# #.#
#.#


You could see a quokka.

Vanquished Creatures
  A dart slug (D:1)
  2 bats (D:1)
  3 hobgoblins (D:1)
  A frilled lizard (D:1)
  3 goblins (D:1)
  A kobold (D:1)
  A rat (D:1)
12 creatures vanquished.

Notes
Turn   | Place    | Note
-------+----------+-------------------------------------------
     0 | D:1      | arthad the Djinni Transmuter began the quest for the Orb.
     0 | D:1      | arthad set off with the following spells memorised: Beastly
                  | Appendage, Wereblood, Spider Form, Ice Form.
     0 | D:1      | Reached XP level 1. HP: 17/17 MP: 0/0
    72 | D:1      | Reached XP level 2. HP: 22/22 MP: 0/0
   142 | D:1      | Found Qisiph's Weapon Emporium.
   507 | D:1      | Slain by a quokka

Illustrated notes

Levels and vault maps discovered:
D:1:      doesnt_arrival_eight_statues, layout_loops_ring, serial_shops,
          nicolae_shop_behind_doors

Action                   || total
-------------------------++-------
Melee: Unarmed           ||    68
       Punch             ||     5
       Headbutt          ||     4
 Cast: Beastly Appendage ||     5
 Stab: Sleeping          ||     1
Armor: Robe              ||    10
Dodge: Dodged            ||    64

Table legend: (Time is in decaauts)
 A = Elapsed time spent in this place.
 B = Non-inter-level travel time spent in this place.
 C = Inter-level travel time spent in this place.
 D = Time resting spent in this place.
 E = Time spent auto-exploring this place.
 F = Levels seen in this place.
 G = Mean time per level.
                   A        B        C        D        E       F      G
               +--------+--------+--------+--------+--------+-----+--------+
         Total |    502 |    502 |      0 |      0 |    371 |   1 |  502.0 |
       Dungeon |    502 |    502 |      0 |      0 |    371 |   1 |  502.0 |
               +--------+--------+--------+--------+--------+-----+--------+

Top non-repeatable levels by time:
     D:1: 502 daAuts
